 Dungeon Crawl Stone Soup version 0.27.1-4-g1640c2035a (webtiles) character file.

Game seed: 2248219663886708053

53 Araneus the Cudgeller (level 3, 0/29 HPs)
             Began as a Demonspawn Fighter on Nov 15, 2021.
             Slain by an orc (3 damage)
             ... on level 3 of the Dungeon.
             The game lasted 00:03:57 (2253 turns).

Araneus the Cudgeller (Demonspawn Fighter)          Turns: 2253, Time: 00:03:57

Health: 0/29       AC:  6    Str: 17    XL:     3   Next: 64%
Magic:  3/3        EV:  6    Int:  9    God:
Gold:   68         SH:  8    Dex: 12    Spells: 2/2 levels left

rFire    . . .     SeeInvis .   a - +0 flail
rCold    . . .     Faith    .   c - +0 kite shield
rNeg     . . .     Spirit   .   b - +0 scale mail
rPois    .         Reflect  .   (no helmet)
rElec    .         Harm     .   (no cloak)
rCorr    .         Rampage  .   (no gloves)
Will     .....                  (no boots)
Stlth    ..........             (no amulet)
HPRegen  0.09/turn              (no ring)
MPRegen  0.16/turn              (no ring)

@: no status effects
A: magic regeneration
a: no special abilities


You were on level 3 of the Dungeon.
You visited 1 branch of the dungeon, and saw 3 of its levels.

You collected 68 gold pieces.

Inventory:

Hand Weapons
 a - a +0 flail (weapon)
Missiles
 h - 8 javelins (quivered)
Armour
 b - a +0 scale mail (worn)
 c - a +0 kite shield (worn)
Wands
 j - a wand of flame (19)
Scrolls
 e - 2 scrolls of identify {unknown}
 g - 3 scrolls of teleportation {unknown}
 i - a scroll of vulnerability {unknown}
Potions
 d - a potion of might
 f - 3 potions of brilliance {unknown}


   Skills:
 - Level 3.0 Fighting
 + Level 3.7 Maces & Flails
 - Level 2.6 Armour
 - Level 2.6 Shields


You had 2 spell levels left.
You didn't know any spells.
Your spell library contained the following spells:

 Spells                   Type           Power      Damage    Failure   Level
 Corona                   Hex            0%         N/A       100%        1
 Ensorcelled Hibernation  Hex/Ice        0%         N/A       100%        2
 Tukima's Dance           Hex            0%         N/A       100%        3


Dungeon Overview and Level Annotations

Branches:
Dungeon (3/15)

Altars:
Makhleb

Shops:
D:1 :


Innate Abilities, Weirdness & Mutations

You regenerate magic rapidly.


Message History

You are too injured to fight recklessly!
You are too injured to fight recklessly!
You are too injured to fight recklessly!
You are too injured to fight recklessly!
You are too injured to fight recklessly!
You are too injured to fight recklessly!
You barely miss the orc.
The orc is heavily wounded.
The orc barely misses you.
You barely miss the orc.
The orc is heavily wounded.
The orc hits you with a +0 flail.
* * * LOW HITPOINT WARNING * * *
You block the orc's attack.
You completely miss the orc.
The orc is heavily wounded.
The orc barely misses you.
You closely miss the orc.
The orc is heavily wounded.
You block the orc's attack. The orc barely misses you.
You barely miss the orc.
The orc is heavily wounded.
You block the orc's attack.
You hit the orc.
The orc is almost dead.
You block the orc's attack. x2
You closely miss the orc.
The orc is almost dead.
The orc hits you but does no damage.
You barely miss the orc.
The orc is almost dead.
The orc hits you with a +0 flail.
* * * LOW HITPOINT WARNING * * *
You block the orc's attack.
You sock the orc!
You kill the orc!
You closely miss the orc. You block the orc's attack.
The orc hits you but does no damage.
You hit the orc but do no damage. The orc hits you with a +0 club.
You die...

#.....# #.....#
#.....# #.....# #
#..†..#####..
#............
+............
#......######
#...._.#.@oo# #
####......#.##.# #
#.#...........#..# #
#
#.#.###########.##.#
# #.#.#
........o...###.
###.#.#
###............
..#.#.#
#...†.######+
..#.#.# #..!.o..o...
..#.#.# #...<..o$...


You could see 2 orcs.

Vanquished Creatures
  3 dart slugs
  2 orcs (D:3)
  3 bats
  6 endoplasms
  2 goblins
  6 hobgoblins
  2 quokkas
  7 ball pythons
  2 frilled lizards (D:1)
  4 kobolds
  3 rats
40 creatures vanquished.

Notes
Turn   | Place    | Note
-------+----------+-------------------------------------------
     0 | D:1      | Araneus the Demonspawn Fighter began the quest for the Orb.
     0 | D:1      | Reached XP level 1. HP: 18/18 MP: 1/1
   497 | D:1      | Gained mutation: You regenerate magic rapidly. [demonic
                  | ancestry]
   497 | D:1      | Reached XP level 2. HP: 21/24 MP: 2/2
   920 | D:1      | Found Pohauch's Book Shoppe.
  1142 | D:2      | Reached XP level 3. HP: 29/29 MP: 3/3
  1589 | D:2      | Found a faded altar of an unknown god.
  2179 | D:3      | Found a burning altar of Makhleb.
  2253 | D:3      | Slain by an orc

Illustrated notes

Levels and vault maps discovered:
D:1:      nzn_arrival_depleted_hourglass, layout_basic, serial_shops, shop
D:2:      layout_basic, shapermc_ecumenical_altar_mp_urbaneastern
D:3:      layout_basic, bloody_makhleb, mainiacjoe_overflow_alcove_4

Skill      XL: |  1  2 |
---------------+-------+-----
Maces & Flails | 2 3 |  3.7
Fighting       | |  3.0
Armour         | |  2.6
Shields        | |  2.6

Action                   || total
-------------------------++-------
Melee: Flail             ||   171
Armor: Scale mail        ||    93
Dodge: Dodged            ||    32
Block: Kite shield       ||    80
